 Dungeon Crawl Stone Soup version 0.21-a0-94-gdd6ab6a (webtiles) character file.

9 4thArraOfDagon the Vexing (level 2, -2/19 HPs)
             Began as a Demonspawn Enchanter on July 2, 2017.
             Was an Initiate of Wu Jian.
             Slain by a centaur zombie (4 damage)
             ... on level 5 of the Dungeon.
             The game lasted 00:03:40 (939 turns).

4thArraOfDagon the Vexing (Demonspawn Enchanter)     Turns: 939, Time: 00:03:41

Health: -2/19      AC:  7    Str:  8    XL:     2   Next: 6%
Magic:  5/5        EV: 10    Int: 16    God:    Wu Jian [......]
Gold:   30         SH:  0    Dex: 13    Spells: 2/5 levels left

rFire    . . .     SeeInvis .     - Unarmed
rCold    + . .     Gourm    .   (no shield)
rNeg     + . .     Faith    .   j - +2 ring mail {rN+}
rPois    .         Spirit   .   (helmet restricted)
rElec    .         Reflect  .   (no cloak)
rCorr    .         Harm     .   (no gloves)
MR       .....                  (no boots)
Stlth    ++........             (no amulet)
HPRegen  0.06/turn              l - ring of stealth
MPRegen  0.09/turn              q - ring of protection from cold

@: flying, very slightly contaminated, invisible
A: horns 1
a: Renounce Religion


You were on level 5 of the Dungeon.
You worshipped Wu Jian.
Wu Jian was noncommittal.
You were not hungry.

You visited 1 branch of the dungeon, and saw 5 of its levels.

You collected 30 gold pieces.

Inventory:

Hand Weapons
 a - a +1 dagger
Armour
 b - a +0 robe
 h - a +0 ring mail
 j - a +2 ring mail of positive energy (worn)
 o - a cursed +0 ring mail
Jewellery
 l - a ring of stealth (left hand)
 q - a ring of protection from cold (right hand)
Scrolls
 f - a scroll of teleportation {unknown}
 g - a scroll of noise {unknown}
 i - 2 scrolls of identify {unknown}
 n - a scroll of remove curse {unknown}
 r - a scroll of recharging {unknown}
 s - 2 scrolls of fear {unknown}
Potions
 e - a potion of invisibility
Books
 c - a book of Maledictions

   Spells                             Type                      Level
   a - Corona                         Hexes                        1
   b - Ensorcelled Hibernation        Hexes/Ice                    2
   c - Confuse                        Hexes                        3
   d - Tukima's Dance                 Hexes                        3
   e - Dazzling Spray                 Conjuration/Hexes            3
Comestibles
 d - 2 bread rations
 p - a meat ration


   Skills:
 + Level 0.0 Fighting
 - Level 0.8 Short Blades
 - Level 2.0 Dodging
 - Level 2.6 Stealth
 * Level 1.2 Unarmed Combat
 - Level 2.0 Spellcasting
 - Level 3.0 Hexes


You had 2 spell levels left.
You knew the following spells:

 Your Spells              Type           Power        Failure   Level  Hunger
a - Corona                Hex            ##.....      19%         1    #......
b - Ensorcelled Hibernat  Hex/Ice        #.....       45%         2    ###....


Dungeon Overview and Level Annotations

Branches:
Dungeon (5/15)
 Temple: D:4-7

Altars:
Wu Jian

Annotations:
D:3 1 exclusion


Innate Abilities, Weirdness & Mutations

You have a pair of small horns on your head.


Message History

It was a potion of invisibility.
You fade into invisibility!
The centaur zombie closely misses you.
You are very lightly contaminated with residual magic.
It was a potion of curing.
You feel better.
The centaur zombie hits you but does no damage.
The centaur zombie barely misses you.
You hit the centaur zombie but do no damage.
The centaur zombie is severely damaged.
The centaur zombie hits you.
You hit the centaur zombie.
The centaur zombie is severely damaged.
The centaur zombie hits you.
* * * LOW HITPOINT WARNING * * *
Unknown command.
It was a potion of flight.
You feel very buoyant.
You fly up into the air.
The centaur zombie barely misses you. The centaur zombie hits you.
You die...

#
#...#.............
#........#.######.
###.#......#
#............#
########.....#
.......(.....#
####.#)...#.##
#...........#
#.#.#@...#..#
#.#.Z..#..#
#.#....# .#
#.#....# .#
#.#....# #.#....#
#.#..... ...#.##


You could see a centaur zombie.

Vanquished Creatures
  A dart slug (D:1)
  A giant cockroach (D:1)
  A hobgoblin (D:1)
  A quokka (D:4)
  A bat (D:1)
  A frilled lizard (D:1)
  A kobold (D:3)
  A leopard gecko skeleton (D:5)
8 creatures vanquished.

Notes
Turn   | Place    | Note
-------+----------+-------------------------------------------
     0 | D:1      | 4thArraOfDagon the Demonspawn Enchanter began the quest for the Orb.
     0 | D:1      | Reached XP level 1. HP: 13/13 MP: 3/3
   339 | D:1      | Reached skill level 1 in Unarmed Combat
   594 | D:4      | Gained mutation: You have a pair of small horns on your head. [demonic ancestry]
   594 | D:4      | Reached XP level 2. HP: 8/19 MP: 5/5
   598 | D:4      | Learned a level 2 spell: Ensorcelled Hibernation
   783 | D:4      | Found an ornate altar of the Wu Jian Council.
   789 | D:4      | Became a worshipper of the Wu Jian Council
   894 | D:5      | Entered Level 5 of the Dungeon
   939 | D:5      | Slain by a centaur zombie

Vault maps used:
D:1:      sevenhm_arrival_forest_fort_large_2, minmay_lizard_king
D:2:      nicolae_overflow_hidden_temple, serial_bayou_lagoon_b
D:3:      marbit_many_paths, okawaru_altar_gauntlet_db,
          gammafunk_temple_overflow_wave, kennysheep_generic_room_9
D:4:      old_standard_altar, first_bread, uniq_duvessa, uniq_blork_the_orc

Skill      XL: |  1 |
---------------+----+-----
Dodging        | 2 |  2.0
Unarmed Combat | 1 |  1.2
Short Blades   | |  0.8
Stealth        | |  2.6
Spellcasting   | |  2.0
Hexes          | |  3.0

Action                   || total
-------------------------++-------
Melee: Dagger            ||    63
       Unarmed           ||     7
       Headbutt          ||     1
 Cast: Corona            ||     2
  Use: Potion            ||     3
Armor: Ring mail         ||    18
Dodge: Dodged            ||    50
